 Dungeon Crawl Stone Soup version 0.30-a0-956-gcec3b41aec (webtiles) character file.

Game seed: 5549719817723737888

63 vishdafish the Conjurer (level 3, 24/24 HPs)
             Began as a Demonspawn Conjurer on Mar 30, 2023.
             Quit the game on level 2 of the Dungeon.
             The game lasted 00:01:47 (1944 turns).

vishdafish the Conjurer (Demonspawn Conjurer)       Turns: 1944, Time: 00:01:47

Health: 24/24      AC:  2    Str:  7    XL:     3   Next: 87%
Magic:  7/7        EV: 12    Int: 27    God:
Gold:   96         SH:  4    Dex: 11    Spells: 7/8 levels left

rFire   . . .      SeeInvis .    e - +2 spear (venom)
rCold   . . .      Faith    .    (no shield)
rNeg    . . .      Spirit   .    a - +0 robe
rPois   .          Reflect  .    (no helmet)
rElec   .          Rampage  .    (no cloak)
rCorr   .                        (no gloves)
Will    .....                    (no boots)
Stlth   ++                       (no amulet)
HPRegen 0.24/turn                d - +6 ring of intelligence
MPRegen 0.10/turn                (no ring)

@: no status effects
A: powered by death 1, condensation shield
a: no special abilities


You were on level 2 of the Dungeon.
You visited 1 branch of the dungeon, and saw 2 of its levels.

You collected 96 gold pieces.

Inventory:

Hand Weapons
 e - a +2 spear of venom (weapon)
Armour
 a - a +0 robe (worn)
Jewellery
 d - a +6 ring of intelligence (left hand)
Scrolls
 c - 2 scrolls of magic mapping {unknown}
 f - 2 scrolls of fear {unknown}
 h - 2 scrolls of identify {unknown}
 i - 2 scrolls of silence {unknown}
 j - 2 scrolls of blinking {unknown}
Potions
 b - a potion of magic
 g - a potion of heal wounds {unknown}
 k - a potion of brilliance {unknown}
 l - a potion of lignification {unknown}
 m - a potion of degeneration {unknown}


   Skills:
 - Level 1.7 Dodging
 - Level 1.7 Stealth
 + Level 3.1 Spellcasting
 + Level 4.8 Conjurations


You had 7 spell levels left.
You knew the following spells:

 Your Spells              Type           Power      Damage    Failure   Level
a - Magic Dart            Conj           100%       1d8       1%          1

Your spell library contained the following spells:

 Spells                   Type           Power      Damage    Failure   Level
 Searing Ray              Conj           60%        2d6       1%          2
 Dazzling Flash           Conj/Hex       34%        N/A       10%         3
 Call Imp                 Summ           4%         N/A       13%         2
 Mephitic Cloud           Conj/Pois/Air  12%        N/A       14%         3
 Fulminant Prism          Conj/Hex       8%         3d7       32%         4
 Iskenderun's Mystic Bla  Conj/Tloc      17%        2d5       32%         4


Dungeon Overview and Level Annotations

Branches:
Dungeon (2/15)

Altars:

Shops:
D:1 *


Innate Abilities, Weirdness & Mutations

You regenerate a little health from kills.
A meltable shield of frost defends you. (SH +4)


Message History

You are frozen.
You hit the endoplasm.
You kill the endoplasm!
No target in view!
HP restored.
You open the door.
Found a leather armour and a chain mail.
There is an open door here.
You see here a +0 leather armour.
There is an open door here.
i - 2 scrolls labelled SAALALU XAEMP (gained 1)
f - 2 scrolls labelled ALAQAF HAHAUXIDOE (gained 1)
You open the door.
There is an open door here.
You open the door.
There is an open door here.
Found a sling.
Found 2 poisoned darts.
You now have 83 gold pieces (gained 8).
Found a chain mail.
You now have 96 gold pieces (gained 13).
There is an open door here.
You see here 3 poisoned darts.
A dart slug comes into view.
A dart slug is nearby!
The magic dart hits the dart slug!
The dart slug is severely wounded.
A dart slug is nearby!
The magic dart hits the dart slug!
You kill the dart slug!
You can't see any susceptible monsters within range! (Use Z to cast anyway.)
You can't see any susceptible monsters within range! (Use Z to cast anyway.) Magic restored.
You see here a dart slug corpse.
Done exploring.
Done exploring.
Done exploring.
Done exploring.
You can't see any susceptible monsters within range! (Use Z to cast anyway.) Are you sure you want to abandon this character and quit the game? (Confirm with "yes".)

...# #### #########
#############.......######
.........................#
###########....<###.####.#
#############.# #.#
#..........##.# #.#
#.########@##.####.#
#.#......#.##......#
#######.#.####.#.#########
.............>.#.######
#######.#.###.##.†....#
.....##.#.###.#######.#
...................##.#
####.##.##.##.####.##.#
...#....##.#.....#.##.#


There were no monsters in sight!

Vanquished Creatures
  2 adders (D:2)
  2 dart slugs
  3 ball pythons (D:1)
  4 bats (D:1)
  2 endoplasms
  4 giant cockroaches (D:1)
  2 goblins
  2 hobgoblins (D:1)
  4 jackals (D:2)
  5 kobolds
  3 quokkas (D:1)
  A frilled lizard (D:1)
  A rat (D:1)
35 creatures vanquished.

Notes
Turn   | Place    | Note
-------+----------+-------------------------------------------
     0 | D:1      | vishdafish the Demonspawn Conjurer began the quest for the
                  | Orb.
     0 | D:1      | Reached XP level 1. HP: 13/13 MP: 3/3
   439 | D:1      | Gained mutation: You regenerate a little health from kills.
                  | [demonic ancestry]
   439 | D:1      | Reached XP level 2. HP: 12/19 MP: 1/5
   961 | D:1      | Found Ciajil's General Store.
  1016 | D:1      | Gained mutation: A meltable shield of frost defends you.
                  | (SH +4) [demonic ancestry]
  1016 | D:1      | Reached XP level 3. HP: 24/24 MP: 7/7
  1944 | D:2      | Quit the game

Illustrated notes

Levels and vault maps discovered:
D:1:      ncdulo_wetmaze, layout_loops_ring, serial_shops,
          nicolae_shop_hallway_plus
D:2:      layout_basic

Skill      XL: |  1  2  3 |
---------------+----------+-----
Spellcasting   | 3 |  3.1
Dodging        | |  1.7
Stealth        | |  1.7
Conjurations   | |  4.8

Action                     || total
---------------------------++-------
  Melee: Unarmed           ||    12
         Spear             ||    39
         Punch             ||     1
   Cast: Magic Dart        ||    45
   Stab: Sleeping          ||     2
 Armour: Robe              ||    11
  Dodge: Dodged            ||    37
  Block: Other             ||     3

Table legend: (Time is in decaauts)
 A = Elapsed time spent in this place.
 B = Non-inter-level travel time spent in this place.
 C = Inter-level travel time spent in this place.
 D = Time resting spent in this place.
 E = Time spent auto-exploring this place.
 F = Levels seen in this place.
 G = Mean time per level.
                   A        B        C        D        E       F      G
               +--------+--------+--------+--------+--------+-----+--------+
         Total |   1953 |   1909 |     44 |      0 |   1728 |   2 |  976.5 |
       Dungeon |   1953 |   1909 |     44 |      0 |   1728 |   2 |  976.5 |
               +--------+--------+--------+--------+--------+-----+--------+

Top non-repeatable levels by time:
     D:1: 1198 daAuts
     D:2: 755 daAuts
